[Event "45th FIDE Olympiad 2024"]
[Site "Budapest"]
[Date "2024.09.12"]
[Round "2.114"]
[White "Annaberdiyev, Meylis"]
[Black "Pultinevicius, Paulius"]
[Result "0-1"]
[ECO "B85"]
[WhiteElo "2431"]
[BlackElo "2587"]
[Annotator "TA"]
[PlyCount "132"]
[EventDate "2024.09.05"]
[EventType "team-tourn"]
[EventCountry "HUN"]
[SourceTitle "playchess.com"]
[Source "ChessBase"]
[SourceQuality "1"]
[WhiteTeam "Turkmenistan"]
[BlackTeam "Lithuania"]
[WhiteTeamCountry "TKM"]
[BlackTeamCountry "LTU"]
[TimeControl "40/5400+30:1800+30"]

1. e4 c5 2. Nf3 Nc6 3. Nc3 e6 4. d4 cxd4 5. Nxd4 d6 6. Be3 Nf6 7. Be2 Be7 8. O-O O-O 9. f4 a6 10. Qe1 Bd7 11. Qg3 Qc7 12. Kh1 b5 13. a3 Rab8 {[#]} 14. e5 $1 {And now Nxc6 would win.} Ne8 15. Bd3 f5 16. exf6 {The position is equal.} Nxf6 17. Nxc6 Qxc6 18. Bd4 Rf7 19. Rae1 Rbf8 20. Bxf6 Bxf6 21. Ne4 $1 Be7 22. Ng5 Bxg5 23. Qxg5 Qb6 24. c3 Rf6 25. Rf3 h6 26. Qg3 Bc6 27. Rff1 Qb7 28. Kg1 Qf7 ({Black should play} 28... Bd5 $15) 29. Qe3 $11 Bd5 30. g3 Qc7 31. Be4 Bb3 32. Bb1 a5 33. Qd3 Qc5+ 34. Rf2 g6 35. Qe3 Qxe3 36. Rxe3 g5 37. Bd3 Bc4 38. Bxc4 bxc4 {[%mdl 4096] Endgame. KRR-KRR} 39. Rfe2 Kf7 40. fxg5 hxg5 41. Re4 d5 42. Rg4 Rf5 43. h4 Rg8 44. Kg2 a4 45. Re1 Kf6 46. hxg5+ Rfxg5 47. Rf1+ Ke7 48. Rxg5 Rxg5 $15 {KR-KR} 49. Rh1 Rg8 50. Rh7+ Kd6 51. Rb7 {Prevents Rb8. Black keeps a firm grip on the game.} (51. Kf3 $15) 51... e5 $19 52. Rb4 {[#]} Ra8 (52... Rf8 $1 $19 {...e4 would now be deadly.} 53. g4 (53. Rxa4 $2 {is the wrong capture.} e4 $19) 53... Kc5 54. Rxa4 d4 55. cxd4+ exd4 56. Ra5+ Kc6) 53. Kf3 Kc5 54. Ke3 d4+ 55. cxd4+ exd4+ 56. Kd2 Kd5 ({Black should try} 56... Rh8 $19 57. Rxa4 Rh2+ 58. Kc1 Kd5 (58... d3 59. Ra8 $17)) 57. g4 $2 (57. Rb5+ $17 {is a better chance.} Ke4 58. Rh5) 57... Rh8 58. Rxa4 Ke4 {( -> ...Rh2+)} 59. Rxc4 Rh2+ 60. Kc1 {[#]} Ke3 $1 61. b4 d3 62. Rc3 Ke2 63. Kb2 d2 64. Rc2 Kd3 65. Rxd2+ Rxd2+ 66. Kb3 Kd4 {Weighted Error Value: White=0.42/Black=0.10 (very precise) .  Loses game:     	White=1     	---        Mistake:       	White=1     	Black=3      Inaccurate:     	White=10    	Black=2      OK:         	White=14    	Black=14     Best:        	White=2     	Black=4      Strong:       	White=1     	---} 0-1

[Event "45th FIDE Olympiad 2024"]
[Site "Budapest"]
[Date "2024.09.12"]
[Round "2.115"]
[White "Laurusas, Tomas"]
[Black "Hommadov, Amanmuhammet"]
[Result "1-0"]
[ECO "E90"]
[WhiteElo "2569"]
[BlackElo "2181"]
[Annotator "TA"]
[PlyCount "93"]
[EventDate "2024.09.05"]
[EventType "team-tourn"]
[EventCountry "HUN"]
[SourceTitle "playchess.com"]
[Source "ChessBase"]
[SourceQuality "1"]
[WhiteTeam "Lithuania"]
[BlackTeam "Turkmenistan"]
[WhiteTeamCountry "LTU"]
[BlackTeamCountry "TKM"]
[TimeControl "40/5400+30:1800+30"]

1. d4 Nf6 2. c4 g6 3. Nc3 Bg7 4. e4 O-O 5. Nf3 d6 6. Bd3 Bg4 7. Be2 Bxf3 8. Bxf3 {Black must now prevent e5.} Nfd7 9. Be3 {White is slightly better.} Nb6 10. Be2 Nc6 11. O-O Na5 12. b3 c5 13. Rc1 cxd4 14. Bxd4 Bh6 {Black is weak on the light squares} 15. f4 e5 16. Be3 Bxf4 17. Bxf4 exf4 18. Rxf4 Nc6 19. Qd2 Qe7 20. Kh1 Rad8 21. Rcf1 f6 22. Bd3 Kg7 23. Rh4 Rd7 24. Bb1 Qe5 25. Nd5 Kg8 26. Rhf4 Rdf7 27. Qf2 Kg7 28. Rf3 Nc8 (28... Nd7 $11) 29. Rh3 Kh8 30. Rd1 Re8 31. Rf3 Kg7 32. b4 N8e7 33. a3 a5 34. Nc7 Rd8 35. b5 Rc8 36. Qb6 {White has more active pieces. The black rooks are passive.} ({White should try} 36. b6 $16) 36... Nd4 $1 $11 37. Qxd4 Rxc7 38. Qb6 Nc8 39. Qxa5 Rfe7 40. Bd3 Qd4 41. h3 Qc5 (41... Nb6 $1 $11) 42. Qc3 $36 {[%mdl 2048] White fights for an advantage.} Re6 {[#]} 43. Bf1 (43. a4 $1 $16) 43... Nb6 $1 $11 44. Rd4 Nd7 45. Rd5 Qa7 46. Qb4 Ne5 $2 {[%mdl 8192] [#]} (46... Qb6 $14) 47. b6 {Weighted Error Value: White=0.11 (very precise) /Black=0.11 (very precise) .  Loses game:     	---       	Black=1      Mistake:       	White=2     	Black=2      Inaccurate:     	White=4     	Black=4      OK:         	White=14    	Black=6      Best:        	White=4     	Black=1      Strong:       	---       	Black=2} 1-0

[Event "45th FIDE Olympiad 2024"]
[Site "Budapest"]
[Date "2024.09.12"]
[Round "2.116"]
[White "Shirliyev, Allayar"]
[Black "Pidluznij, Gleb"]
[Result "0-1"]
[ECO "C58"]
[WhiteElo "2200"]
[BlackElo "2425"]
[Annotator "TA"]
[PlyCount "104"]
[EventDate "2024.09.05"]
[EventType "team-tourn"]
[EventCountry "HUN"]
[SourceTitle "playchess.com"]
[Source "ChessBase"]
[SourceQuality "1"]
[WhiteTeam "Turkmenistan"]
[BlackTeam "Lithuania"]
[WhiteTeamCountry "TKM"]
[BlackTeamCountry "LTU"]
[TimeControl "40/5400+30:1800+30"]

1. e4 e5 2. Nf3 Nc6 3. Bc4 Nf6 4. Ng5 d5 5. exd5 Na5 6. Bb5+ c6 7. dxc6 bxc6 8. Qf3 Be7 9. Bd3 O-O 10. Nc3 h6 {White is slightly better.} 11. Nge4 Nxe4 12. Qxe4 f5 13. Qe2 Bd6 14. b3 c5 15. Bc4+ Nxc4 16. Qxc4+ Kh7 17. Bb2 Bb7 18. Rg1 e4 19. g3 Be5 20. O-O-O Bd4 21. Rgf1 (21. Nb5 $14) 21... Qf6 $15 {[%mdl 1024] Black has compensation.} 22. Qa4 Ba6 {This pair of bishops is nice.} (22... a5 $17 {aiming for ...Bc6.} 23. Qa3 Ba6) 23. Rh1 Rfd8 (23... Bxf2 $2 24. Nxe4 Qf7 25. Nxf2 $18) (23... Rad8 $5 24. h3 Rf7 $11 (24... Bxf2 $2 25. Nxe4 fxe4 26. Bxf6 $18)) 24. h4 (24. Kb1 $11) 24... Qb6 (24... Bxf2 $2 25. Nxe4 Qf8 26. Nxf2 $18) (24... c4 $5) 25. Rh2 (25. g4 $1 $15) 25... Rd6 {Black is more active.} (25... c4 $17 26. g4 fxg4 (26... Bxf2 27. gxf5 Bd4 28. Rg2 $14)) 26. Re1 {[#]} (26. h5 $15) 26... Rad8 $1 $36 {[%cal Oc5c4][%mdl 2048] Strongly threatening ...c4! Black has strong initiative.} 27. Qa3 (27. g4 $17 Be5 (27... fxg4 28. Kb1 $17) 28. Rhh1) 27... c4 $19 28. Na4 {[#] Dodges Bc5} Bxb2+ $1 29. Qxb2 {White is weak on the light squares} Qb4 ({Black should play} 29... Qc6 $17 30. f4 exf3) 30. c3 $2 (30. Qc3 $15 Qb5 31. Qxc4 Qxc4 (31... Rxd2 32. Qxb5 Bxb5 33. Nc3 $16) 32. bxc4 Bxc4 (32... Rxd2 33. Nc5 $11) 33. Nc3) 30... Qa5 31. f4 exf3 (31... Rb8 $142 {Threatens to win with ...cxb3.} 32. Qa3 cxb3 33. axb3 Rc6) 32. Qa3 (32. Rf2 $142) 32... Rg6 33. Qc5 Qxc5 34. Nxc5 cxb3 (34... Bc8 $2 35. bxc4 Rxg3 36. Rf2) 35. axb3 Be2 36. Rg1 $2 (36. d4 $17) 36... h5 37. d4 f4 38. Ne4 Rg4 39. Rxe2 $2 (39. Ng5+ Kg6 40. Nxf3 Bxf3 41. Rf2) 39... fxe2 {[%mdl 4096] Endgame. KRR-KRN} 40. Kd2 fxg3 41. Ng5+ {[#]} Rxg5 $1 42. hxg5 {KR-KR} Re8 {...h4 is the strong threat.} 43. Ke1 h4 44. Rh1 Re4 45. Rg1 Kg6 {[%cal Oe4e3] ( -> ...Re3!)} 46. d5 Kxg5 47. d6 {Black mates.} Re6 48. d7 Rd6 49. Kxe2 Rxd7 50. Rc1 Kg4 51. Kf1 h3 52. c4 h2 {Weighted Error Value: White=1.12/Black=0.22 (precise) .  Loses game:     	White=2     	---        Mistake:       	White=7     	Black=4      Inaccurate:     	White=6     	Black=5      OK:         	White=8     	Black=11     Best:        	White=1     	Black=2      Strong:       	---       	Black=2} 0-1

[Event "45th FIDE Olympiad 2024"]
[Site "Budapest"]
[Date "2024.09.12"]
[Round "2.117"]
[White "Zambrana, Osvaldo"]
[Black "Bjerre, Jonas Buhl"]
[Result "0-1"]
[ECO "C54"]
[WhiteElo "2405"]
[BlackElo "2648"]
[Annotator "TA"]
[PlyCount "86"]
[EventDate "2024.09.05"]
[EventType "team-tourn"]
[EventCountry "HUN"]
[SourceTitle "playchess.com"]
[Source "ChessBase"]
[SourceQuality "1"]
[WhiteTeam "Bolivia"]
[BlackTeam "Denmark"]
[WhiteTeamCountry "BOL"]
[BlackTeamCountry "DEN"]
[TimeControl "40/5400+30:1800+30"]

1. e4 e5 2. Nf3 Nc6 3. Bc4 Bc5 4. O-O Nf6 5. d3 d6 6. c3 a6 7. a4 Ba7 8. Be3 Bxe3 9. fxe3 {The position is equal.} Ne7 10. Nbd2 Ng6 11. a5 O-O 12. Qe1 c6 13. Ba2 d5 {Inhibits Nc4.} 14. exd5 cxd5 15. e4 Be6 16. exd5 Bxd5 17. Bc4 Re8 18. Qd1 (18. Bxd5 $15 Qxd5 19. Ne4) 18... b5 {Black is more active. Black converts the advantage convincingly.} 19. Bxd5 Qxd5 20. Ne4 Nxe4 21. dxe4 Qxe4 22. Qb3 Ra7 23. Rae1 Qg4 24. Kh1 (24. Qd5 $17) 24... Rd7 25. Nd4 Nf4 26. Qc2 f6 27. Re3 (27. Qe4 {is a better defense.} Red8 28. g3) 27... Red8 $40 {[%mdl 128] White is in trouble.} 28. Rg3 Qh5 29. h3 $2 (29. Qe4) 29... Qf7 (29... exd4 $142 30. Rxf4 d3 31. Qb3+ Qd5 (31... Kh8 32. Rd4 $15)) 30. Nf5 {[#] aiming for Nh6+.} Qc4 31. Rf2 Nd3 32. Re2 (32. Rf1) 32... g6 (32... Qf4 $142 33. c4 Qxf5 34. cxb5 Qf1+ (34... axb5 $2 35. Rf3 $19) 35. Kh2 Nf4 (35... axb5 $2 36. Rf3 $19)) 33. Rg4 Nf4 34. Rf2 {White is weak on the light squares} Kh8 35. Nh6 Qe6 {White must now prevent ...Rd1+. Black is clearly winning.} 36. Rg3 f5 37. Kh2 Nd3 38. Rf1 e4 {Strongly threatening ...f4.} 39. Qd2 f4 40. Rg5 Qe7 41. h4 Rf8 42. Qe2 Qg7 43. Ng4 h6 {Weighted Error Value: White=0.57/Black=0.35.  Mistake:       	White=5     	Black=2      Inaccurate:     	White=6     	---        OK:         	White=7     	Black=13     Best:        	---       	Black=1} 0-1

[Event "45th FIDE Olympiad 2024"]
[Site "Budapest"]
[Date "2024.09.12"]
[Round "2.118"]
[White "Andersen, Mads"]
[Black "Gemy, Jose Daniel"]
[Result "1/2-1/2"]
[ECO "C65"]
[WhiteElo "2598"]
[BlackElo "2315"]
[Annotator "TA"]
[PlyCount "187"]
[EventDate "2024.09.05"]
[EventType "team-tourn"]
[EventCountry "HUN"]
[SourceTitle "playchess.com"]
[Source "ChessBase"]
[SourceQuality "1"]
[WhiteTeam "Denmark"]
[BlackTeam "Bolivia"]
[WhiteTeamCountry "DEN"]
[BlackTeamCountry "BOL"]
[TimeControl "40/5400+30:1800+30"]

1. e4 e5 2. Nf3 Nc6 3. Bb5 Nf6 4. d3 Bc5 5. Bxc6 dxc6 6. Nbd2 (6. Nxe5 $2 Qd4 7. Be3 Qxe5 $19) 6... Be6 7. O-O (7. Nxe5 $2 Qd4 8. Rf1 Qxe5 $19) 7... Qd6 8. b3 {White is slightly better.} Nd7 9. Ng5 f6 10. Nxe6 Qxe6 11. Nc4 Nb6 12. Na5 O-O-O 13. Qe1 g5 ({Black should try} 13... Bd4 $11 14. c3 Bc5) 14. b4 $14 Be7 15. a4 h5 16. Be3 f5 17. exf5 Qxf5 18. Bxb6 (18. b5 $14 c5 19. Kh1) 18... cxb6 $11 19. Nc4 Rhe8 20. f3 (20. Nxe5 $2 Bf6 21. Qd1 Bxe5 $19 (21... Rxe5 $2 22. d4 $19)) (20. a5 b5 21. Ne3 Qf7 $15) 20... g4 21. Rb1 (21. Qxe5 $2 Bc5+ 22. bxc5 Rxe5 $19) 21... gxf3 22. Rxf3 Qg4 23. Kh1 (23. Qxe5 $2 Bc5+ 24. bxc5 Rxe5 25. Nxe5 Qd4+ (25... Qxa4 $2 26. Rf2 $19) 26. Kh1 Qxe5 $19) (23. Nxe5 Qd4+ 24. Qe3 (24. Kh1 $2 Bd6 $19) 24... Qc3 $17 (24... Bxb4 25. Qxd4 Rxd4 26. Nc4 $11)) (23. Re3 $11 {feels stronger.}) 23... Bh4 (23... e4 $1 $15 24. dxe4 (24. Qxe4 $2 Qxe4 25. dxe4 Rd4 $19) 24... Qe6) 24. Qf1 $1 $14 (24. Qe4 $2 Qxe4 25. dxe4 Rd4 $19) 24... Bg5 (24... b5 $14 25. axb5 cxb5) 25. Re1 $1 $16 e4 26. h3 $1 Qd7 (26... Qh4 $2 27. g3 $18) 27. Rf7 Qd5 (27... Re7 $142 28. Rxe7 Qxe7) 28. Rf5 Qg8 29. Rxe4 ({Better is} 29. b5 $16) 29... Rxe4 $14 30. dxe4 Be7 {Against Nd6+} 31. c3 {Prevents Rd4} h4 32. Rf7 (32. Kg1 $14) 32... Rd1 $11 33. Qxd1 Qxf7 34. Nd6+ Bxd6 35. Qxd6 {[%mdl 4096] Endgame. KQ-KQ} Qf1+ 36. Kh2 {Strongly threatening Qe6+.} Qe1 $1 37. Qf8+ Kd7 38. Qf7+ Kd8 39. Qf8+ (39. Qxb7 $5 Qg3+ $8 40. Kh1 Qe1+ 41. Kh2 Qg3+ 42. Kh1 Qe1+ 43. Kh2 $11) 39... Kd7 40. Qf7+ Kd8 41. Qf4 {aiming for Qb8+. Active counter play!} Kd7 42. c4 a5 $1 43. b5 Ke6 (43... Kc8 $11) 44. e5 $16 {Black must now prevent bxc6.} Kd7 (44... Qxe5 $2 45. Qxe5+ Kxe5 46. g3 $18) (44... cxb5 $16 45. Qf6+ (45. cxb5 Kd5 $11) 45... Kd7) 45. Qf7+ $18 Kd8 46. Qf8+ (46. Qxb7 Qxe5+ 47. Kh1 Qe1+ 48. Kh2 Qg3+ 49. Kh1 Qe1+ 50. Kh2 Qe5+ 51. Kh1 Qa1+ 52. Kh2 Qe5+ $11) 46... Kc7 47. Qd6+ Kc8 48. Qf8+ $2 (48. bxc6 Qg3+ 49. Kg1 Qe1+ 50. Kh2 Qg3+ 51. Kg1 Qe1+ 52. Kh2 $11) (48. e6 $18 c5 49. Qf4 (49. Qxb6 Qe5+ 50. Kg1 Qe1+ 51. Kh2 Qg3+ 52. Kg1 Qe1+ 53. Kh2 $11) (49. e7 Qh1+ 50. Kxh1 $11)) 48... Kc7 $11 49. Qd6+ (49. Qg7+ $11 Kb8 50. bxc6 bxc6 51. Qg5) 49... Kc8 $18 50. e6 {Threatening mate with e7.} (50. bxc6 Qg3+ 51. Kh1 Qe1+ 52. Kh2 Qg3+ 53. Kh1 Qe1+ 54. Kh2 $11) 50... c5 51. Qf8+ $2 ({Weaker is} 51. Qxb6 Qg3+ 52. Kh1 Qe1+ 53. Kh2 Qg3+ 54. Kh1 Qe5 $11 (54... Qe1+ 55. Kh2 $11)) (51. e7 Qh1+ 52. Kxh1 $11) (51. Qf4 $1 $18 {is the precise move to win.} Kd8 52. Qb8+ (52. Qd6+ Kc8 $18) 52... Ke7 53. Qxb7+ Kf6 54. Qf7+ (54. Qxb6 Qe5+ 55. Kh1 Qe1+ 56. Kh2 Qe5+ 57. Kh1 Qe1+ 58. Kh2 $11) 54... Kg5 55. Qg7+ (55. e7 Qg3+ 56. Kg1 Qe1+ 57. Qf1 Qxe7 $11) 55... Kh5 56. Qg4+ (56. e7 Qh1+ 57. Kxh1 $11) 56... Kh6 57. Qf3 (57. Qf4+ Kg6 $18)) 51... Kc7 $16 {[#]} 52. Qf4+ Kc8 {[#]} 53. Qf8+ (53. g4 $1 $16) 53... Kc7 $11 {The position is equal.} 54. Qg7+ Kb8 55. e7 Ka7 56. Qg5 Qe4 57. Kg1 Qe1+ 58. Kh2 Qe4 59. e8=N Qxe8 60. Qxh4 Qe5+ 61. Qg3 Qd4 62. Qg4 {White wants to mate with Qxd4.} Qe5+ 63. Qg3 Qd4 64. h4 Qxc4 65. h5 Qd5 (65... Qxa4 $5 66. h6 $8 Qe4 $11) 66. Qg6 c4 67. h6 Qd3 68. Qxd3 cxd3 {KP-KP} 69. h7 d2 70. h8=Q d1=Q {Prevents Qd8. KQ-KQ} (70... d1=B 71. Qh7 Bb3 72. Qd3 Bg8 73. Kg3 Be6 74. Kf4 Bc8 75. Ke5 (75. g4 Be6 76. Ke5 Bxg4 77. Kd6 Kb8 78. Ke7 Bc8 79. Kd8 Bg4 80. Qd6+ Ka8 81. Kc7 Bf5 82. Qxb6 Bh7 83. Qxa5#)) 71. Qh4 Qd6+ 72. g3 Qd2+ 73. Kh3 Qd7+ 74. Qg4 Qh7+ 75. Kg2 Qc2+ 76. Kf1 $1 Qc1+ 77. Ke2 Qc2+ 78. Ke1 Qc1+ 79. Kf2 Qc2+ 80. Kg1 Qc1+ 81. Kg2 Qc2+ 82. Kh3 Qh7+ 83. Qh4 Qf5+ 84. Kg2 $1 Qc2+ 85. Kf3 Qb3+ 86. Ke2 Qc2+ 87. Ke3 Qb3+ 88. Kd2 Qb2+ 89. Ke3 Qb3+ 90. Ke2 Qc2+ 91. Kf3 Qb3+ 92. Kg2 Qc2+ 93. Kh3 Qf5+ 94. Kg2 {Weighted Error Value: White=0.26 (precise) /Black=0.15 (very precise) .  Loses game:     	---       	Black=2      Mistake:       	White=6     	Black=5      Inaccurate:     	White=2     	---        OK:         	White=23    	Black=33     Best:        	White=10    	Black=5      Strong:       	White=5     	Black=2} 1/2-1/2

[Event "45th FIDE Olympiad 2024"]
[Site "Budapest"]
[Date "2024.09.12"]
[Round "2.119"]
[White "Ticona Rocabado, Licael Roderick"]
[Black "Thybo, Jesper Sondergaard"]
[Result "1/2-1/2"]
[ECO "E14"]
[WhiteElo "2321"]
[BlackElo "2555"]
[Annotator "TA"]
[PlyCount "93"]
[EventDate "2024.09.05"]
[EventType "team-tourn"]
[EventCountry "HUN"]
[SourceTitle "playchess.com"]
[Source "ChessBase"]
[SourceQuality "1"]
[WhiteTeam "Bolivia"]
[BlackTeam "Denmark"]
[WhiteTeamCountry "BOL"]
[BlackTeamCountry "DEN"]
[TimeControl "40/5400+30:1800+30"]

1. d4 Nf6 2. c4 e6 3. Nf3 d5 4. e3 Be7 5. b3 O-O 6. Bd3 c5 7. O-O cxd4 8. exd4 b6 9. Nc3 Bb7 10. Bb2 Nc6 11. cxd5 Nxd5 12. Nxd5 Qxd5 13. Bc4 Qf5 14. Ne5 $2 (14. Re1 $11) 14... Nxe5 $19 15. dxe5 Qg5 $1 16. g3 Rfd8 17. Qe2 Rd2 (17... Qf5 $1 $19 18. g4 Qg5) 18. Bc1 $17 {[#]} Rad8 19. Ba6 {[#]} (19. Bxd2 $2 {too greedy.} Rxd2 20. Qe1 (20. h4 $2 Qf5 $19) 20... Qh6 $19) 19... Qf5 $2 20. Bxd2 $16 Bf3 21. Qe3 Bc5 {[#]} 22. Qf4 (22. Qg5 Qh3 23. Qxd8+ Bf8) 22... Rxd2 {[#]} 23. Qxf5 (23. Qxd2 {leads to mate.} Qh3 24. Qd8+ Bf8) 23... exf5 24. Bc4 g6 25. a4 a5 26. Rac1 Kf8 27. Rc3 Be4 28. e6 fxe6 29. Bxe6 Bd3 30. Rxd3 Rxd3 $11 {[%mdl 4096] Endgame. KRB-KRB} 31. Kh1 Rd2 32. f4 Ke7 33. Bg8 Kf6 34. Bc4 h6 35. Re1 g5 36. Re6+ Kg7 37. h4 gxf4 38. gxf4 Rf2 39. h5 Rxf4 40. Rg6+ Kh7 41. Kg2 Rh4 42. Be2 Rf4 {...Rf2+ would now be deadly.} 43. Bd3 Rf2+ 44. Kg3 f4+ 45. Kg4 Rg2+ 46. Kxf4 Rxg6 47. Bxg6+ {Whites escaped into a draw.   Weighted Error Value: White=0.15 (very precise) /Black=0.14 (very precise) .  Loses game:     	White=1     	---        Mistake:       	---       	Black=2      Inaccurate:     	White=4     	Black=1      OK:         	White=14    	Black=10     Best:        	White=4     	Black=5      Strong:       	---       	Black=1} 1/2-1/2

[Event "45th FIDE Olympiad 2024"]
[Site "Budapest"]
[Date "2024.09.12"]
[Round "2.120"]
[White "Olsen, Filip Boe"]
[Black "Pinto, Daniel"]
[Result "1/2-1/2"]
[ECO "D12"]
[WhiteElo "2441"]
[BlackElo "2273"]
[Annotator "TA"]
[PlyCount "114"]
[EventDate "2024.09.05"]
[EventType "team-tourn"]
[EventCountry "HUN"]
[SourceTitle "playchess.com"]
[Source "ChessBase"]
[SourceQuality "1"]
[WhiteTeam "Denmark"]
[BlackTeam "Bolivia"]
[WhiteTeamCountry "DEN"]
[BlackTeamCountry "BOL"]
[TimeControl "40/5400+30:1800+30"]

1. d4 Nf6 2. c4 c6 3. Nf3 d5 4. e3 Bf5 5. Bd3 Bxd3 6. Qxd3 dxc4 7. Qxc4 Qa5+ 8. Nc3 Qa6 {White is slightly better.} 9. Ne5 (9. Qxa6 {simplifies} Nxa6 10. O-O e6 11. e4) 9... e6 10. a3 Be7 11. b4 O-O (11... Qxc4 $142 12. Nxc4 Nbd7) 12. O-O Qxc4 13. Nxc4 b6 14. e4 Nbd7 15. Bf4 c5 16. dxc5 bxc5 17. b5 Nh5 18. Rfd1 {White is more active.} ({Better is} 18. Bd6 $16 Bxd6 19. Nxd6) 18... Nb6 (18... Bf6 $1 $11 19. e5 Rfd8) 19. Nxb6 axb6 20. Bd6 Bxd6 21. Rxd6 Rfb8 22. a4 Nf6 23. f3 Kf8 24. Rad1 Rb7 {[#]} (24... g5 $11) 25. Rd8+ (25. e5 $1 $16 Ne8 26. Rc6) 25... Rxd8 $11 26. Rxd8+ {[%mdl 4096] Endgame. KRN-KRN} Ke7 27. Ra8 Nd7 28. f4 h6 29. Kf1 g5 30. g3 Kf6 31. Ke2 gxf4 32. gxf4 Rc7 33. Ra6 Kg6 34. Kd3 Kh5 35. e5 ({White should try} 35. f5 $14 exf5 36. exf5) 35... Kg4 36. Ke3 c4 $1 37. Ra8 f6 38. Rg8+ Kh3 $2 (38... Kf5 $11) 39. Rg6 $2 (39. Kf3 $18 {and the rest is easy. Intending Rg3+ and mate.} h5 40. Ne4 (40. Rh8 Kh4 $16)) 39... fxe5 $16 40. Rxh6+ Kg4 41. fxe5 (41. Rxe6 exf4+ 42. Kd4 Rc8 $14) 41... Nc5 42. Rf6 Kh3 $2 (42... Kh5 $16) 43. Rf4 Nd3 {[#]} 44. Rd4 {Strongly threatening Rd6.} Nxe5 45. Rd6 Rd7 46. Rxe6 (46. Rxb6 Rd3+ 47. Kf4 (47. Ke4 Nd7 $11) 47... Ng6+ (47... Nd7 $2 48. Rb7 $18) 48. Kg5 Nf8 $16) 46... Rd3+ 47. Ke4 $2 (47. Kf4 $18 Nd7 48. Ne4 Kxh2 49. Rc6) 47... Nf3 $11 {The position is equal.} (47... Nd7 $5 48. Rh6+ $8 Kg2 $11) 48. Rh6+ Kg4 {Hoping for ...Ng5+.} 49. Rxb6 Rd4+ 50. Ke3 {[%cal Oh2h3] Threatens to win with h3+!} Rd3+ 51. Ke4 Rxc3 {KRN-KR} 52. Rg6+ Ng5+ 53. Kd4 Rc1 54. b6 {And now a5 would win.} Kf5 55. b7 Rb1 (55... Kxg6 $2 {loses.} 56. b8=Q $18 (56. b8=B $2 {perishes.} Kf5 $19)) 56. Rg8 Rxb7 {...Rc7 would now be deadly.} 57. Kxc4 Ne6 {Black defended with fortune.   Weighted Error Value: White=0.36/Black=0.25 (precise) .  Loses game:     	---       	Black=2      Missed win:     	White=2     	---        Mistake:       	White=3     	Black=3      Inaccurate:     	White=5     	Black=4      OK:         	White=17    	Black=21     Best:        	White=2     	Black=6      Strong:       	---       	Black=1} 1/2-1/2

[Event "45th FIDE Olympiad 2024"]
[Site "Budapest"]
[Date "2024.09.12"]
[Round "2.121"]
[White "Dragnev, Valentin"]
[Black "Salem, A.R. Saleh"]
[Result "1/2-1/2"]
[ECO "B51"]
[WhiteElo "2556"]
[BlackElo "2631"]
[Annotator "TA"]
[PlyCount "84"]
[EventDate "2024.09.05"]
[EventType "team-tourn"]
[EventCountry "HUN"]
[SourceTitle "playchess.com"]
[Source "ChessBase"]
[SourceQuality "1"]
[WhiteTeam "Austria"]
[BlackTeam "United Arab Emirates"]
[WhiteTeamCountry "AUT"]
[BlackTeamCountry "UAE"]
[TimeControl "40/5400+30:1800+30"]

1. e4 c5 2. Nf3 d6 3. Bb5+ Nd7 4. O-O a6 5. Bxd7+ Bxd7 6. c3 Nf6 7. Re1 e6 8. d4 Be7 9. dxc5 dxc5 10. e5 Nd5 11. c4 Nb6 12. Qe2 Bc6 13. Nc3 Qc7 14. b3 O-O 15. Bf4 Rad8 16. Ng5 Rd4 {[#]} 17. Qh5 $1 Bxg5 (17... h6 18. Nge4) 18. Bxg5 Nd7 19. Be7 f5 20. Bxf8 Nxf8 21. Qe2 Ng6 {White must now prevent ...Nf4.} 22. f3 $1 Nf4 23. Qe3 {Rad1 is the strong threat.} (23. Qc2 $5 Qa5 24. Kh1 Nxg2 25. Kxg2 $11) 23... Qd8 $1 {Threatens to win with ...Qg5.} 24. Rad1 (24. Ne2 $11 {remains equal.} Nxg2 25. Kxg2) 24... Qg5 $17 {[%csl Gf4][%cal Rg5g2][%mdl 1024] Black has strong compensation.} 25. g3 {[#]} Nh3+ (25... Qh5 $1 $17 {...Nh3+ would now be deadly.} 26. gxf4 Bxf3) 26. Kg2 $11 Qh5 27. Ne2 $1 f4 $1 28. Qc3 (28. Nxf4 $2 Nxf4+ 29. gxf4 Qg4+ 30. Kf2 Rxf4 31. Rd8+ Kf7 $19) (28. gxf4 $2 Qg4+ 29. Ng3 Nxf4+ (29... Rxd1 30. Rxd1 Nxf4+ 31. Kf2 $16) 30. Kf2 Qh3 $19) 28... Ng5 29. Ng1 (29. Nxd4 $2 {too greedy.} cxd4 30. Rxd4 Qh3+ 31. Kg1 Nxf3+ $19 (31... fxg3 32. Rd8+ Kf7 33. hxg3 $11) (31... fxg3 32. hxg3 Qxg3+ 33. Kf1 $11)) 29... Qg6 $2 (29... fxg3 $11 {and Black is okay.} 30. hxg3 Bxf3+ 31. Nxf3 Rxd1 (31... Qh3+ 32. Kf2 $11) 32. Rxd1 Qh3+ 33. Kf2 (33. Kg1 $2 Qxg3+ 34. Kf1 Qh3+ 35. Ke2 Qg2+ 36. Kd3 Nxf3 $19) 33... Ne4+ 34. Ke3 Nxc3 35. Rd8+ Kf7 36. Ng5+ Ke7 37. Nxh3 Kxd8) 30. Rxd4 $18 cxd4 31. Qxd4 Qc2+ 32. Qf2 Qf5 33. Qe2 h5 34. Rf1 {And now h4 would win.} h4 35. gxh4 Qg4+ 36. Kh1 Qxh4 37. Qg2 Qh5 38. h3 {Strongly threatening Qg4.} Nf7 39. Ne2 Qxe5 40. Qf2 (40. Rd1 $18) 40... Ng5 {[#]} (40... Qf6 $1 $14) 41. Ng1 ({White should try} 41. Nd4 $1 $16) 41... Qf6 42. Kh2 (42. h4 $14 Qh6 43. Kg2) 42... e5 {Weighted Error Value: White=0.27 (precise) /Black=0.29 (precise) .  Loses game:     	---       	Black=1      Mistake:       	White=4     	Black=3      Inaccurate:     	White=4     	---        OK:         	White=15    	Black=16     Best:        	White=2     	Black=3      Strong:       	White=2     	Black=2} 1/2-1/2